AoeStats
← TVHG.IL Capitano

MegaRandom

517841013Analyzed
3v3 RM · 5d ago on Nov 1, 2026· 40m 51s· 6 players
Game mode
Random Map
Map size
Normal (6 player)
Population
200
Speed
Normal
Resources
Standard
Victory
Conquest
Starting age
Dark Age
Ending age
Imperial Age
RankedLock teamsTeams togetherTeam positionsShared explorationLock speedFull tech treeHidden civsTurbo modeCheats
Victory
Defeat
🇦🇷 Sicilians · Argentina
1339
+12
🇺🇸 Byzantines · United States
1232
+17
🇨🇴 Vietnamese · Colombia
1139
+20
vs
🇦🇷 Mongols · Argentina
1330
-19
🇦🇷 Magyars · Argentina
1247
-17
🇦🇷 Ethiopians · Argentina
1166
-13
LaTizaNegra
7:19 Loom
9:29 Feudal Age
11:44 Horse Collar
15:43 Bloodlines
15:44 Forging
15:40 Scale Barding Armor
16:59 Gold Mining
23:01 Castle Age
23:45 Husbandry
24:24 Iron Casting
25:48 Fervor
26:50 Heavy Plow
29:12 Wheelbarrow
29:52 Chain Barding Armor
34:11 Scale Mail Armor
33:39 Pikeman
34:19 Squires
34:08 Gambesons
34:09 Arson
36:00 Ballistics
35:41 Murder Holes
39:03 Chain Mail Armor
39:14 First Crusade
42:02 Imperial Age
41:12 Coinage
[SICK] WhiteSun
1:05 Loom
10:37 Feudal Age
11:36 Man-at-Arms
14:02 Town Watch
15:24 Fletching
21:49 Arson
22:11 Padded Archer Armor
23:06 Forging
27:35 Castle Age
25:40 Horse Collar
25:59 Gold Mining
26:37 Scale Barding Armor
26:41 Double-Bit Axe
27:39 Bloodlines
28:38 Husbandry
30:39 Stone Mining
31:04 Elite Skirmisher
33:01 Wheelbarrow
35:23 Iron Casting
35:58 Chain Barding Armor
[SICK] NAUTIKOS
3:22 Loom
11:41 Feudal Age
11:52 Man-at-Arms
15:55 Fletching
24:37 Castle Age
23:52 Double-Bit Axe
25:20 Bodkin Arrow
25:27 Padded Archer Armor
27:47 Horse Collar
33:13 Forging
32:56 Gambesons
35:35 Squires
36:12 Iron Casting
37:06 Husbandry
39:07 Arson
39:42 Scale Mail Armor
41:22 Chain Mail Armor
TVHG.IL Capitano
6:29 Loom
10:04 Feudal Age
11:47 Double-Bit Axe
14:04 Fletching
15:41 Horse Collar
25:55 Castle Age
27:03 Bloodlines
26:56 Husbandry
27:28 Bodkin Arrow
26:55 Crossbowman
28:25 Padded Archer Armor
TVHG.DooM
6:51 Loom
9:14 Feudal Age
10:46 Double-Bit Axe
13:32 Padded Archer Armor
14:37 Fletching
25:50 Castle Age
25:55 Scale Barding Armor
26:01 Forging
26:45 Bloodlines
31:05 Horse Collar
32:07 Iron Casting
32:08 Town Watch
33:29 Husbandry
35:59 Wheelbarrow
36:41 Town Patrol
39:41 Gold Mining
39:41 Stone Mining
TVHG. Polac0 crhistF*-
9:40 Feudal Age
13:32 Wheelbarrow
14:06 Loom
18:47 Fletching
19:28 Double-Bit Axe
21:31 Padded Archer Armor
26:36 Castle Age
27:32 Crossbowman
28:23 Thumb Ring
28:18 Bodkin Arrow
28:19 Gold Mining
29:09 Bow Saw
32:11 Hand Cart
34:56 Leather Archer Armor
39:50 Ballistics
43:01 Imperial Age
Connection lost

Rejoining the realm…

Still unreachable

The connection could not be restored.

Session expired

The server has moved on; the page needs a fresh start.